 Dungeon Crawl Stone Soup version 0.21.1-1-g345015f (webtiles) character file.

134 tkdonut the Chopper (level 5, -7/47 HPs)
             Began as a Hill Orc Berserker on July 20, 2018.
             Was a Believer of Trog.
             Mangled by aaksess's ghost (14 damage)
             ... on level 3 of the Dungeon.
             The game lasted 00:03:50 (2640 turns).

tkdonut the Chopper (Hill Orc Berserker)            Turns: 2640, Time: 00:03:52

Health: -7/47      AC:  8    Str: 21    XL:     5   Next: 17%
Magic:  5/5        EV: 10    Int:  7    God:    Trog [**....]
Gold:   44         SH:  0    Dex: 10    Spells: 4/4 levels left

rFire    . . .     SeeInvis .   a - +0 hand axe
rCold    . . .     Gourm    .   (no shield)
rNeg     . . .     Faith    .   o - +0 scale mail
rPois    .         Spirit   .   r - +0 helmet
rElec    .         Reflect  .   (no cloak)
rCorr    .         Harm     .   (no gloves)
MR       .....                  (no boots)
Stlth    ..........             (no amulet)
HPRegen  0.15/turn              (no ring)
MPRegen  0.09/turn              (no ring)

@: berserk cooldown, slowed, very slow
A: no striking features
a: Berserk, Trog's Hand, Burn Spellbooks, Renounce Religion


You were on level 3 of the Dungeon.
You worshipped Trog.
Trog was pleased with you.
You were very hungry.

You visited 1 branch of the dungeon, and saw 3 of its levels.

You collected 44 gold pieces.

Inventory:

Hand Weapons
 a - a +0 hand axe (weapon)
 e - a +1 mace of holy wrath
 k - a cursed -2 short sword
Armour
 b - a +0 animal skin
 o - a +0 scale mail (worn)
 r - a +0 helmet (worn)
Scrolls
 d - a scroll of remove curse {unknown}
 f - a scroll of teleportation {unknown}
 g - a scroll of enchant armour {unknown}
 h - a scroll of magic mapping {unknown}
 j - a scroll of enchant weapon {unknown}
 l - 4 scrolls of identify {unknown}
 n - 2 scrolls of blinking {unknown}
 p - a scroll of amnesia {unknown}
Potions
 i - a potion of cancellation {unknown}
 m - a potion of flight {unknown}
 q - a potion of curing {unknown}
 s - a potion of agility {unknown}
 t - a potion of lignification {unknown}
Comestibles
 c - 8 rations


   Skills:
 + Level 4.7 Fighting
 + Level 5.1 Axes
 + Level 3.3 Armour
 + Level 2.4 Dodging


You had 4 spell levels left.
You didn't know any spells.

Dungeon Overview and Level Annotations

Branches:
Dungeon (3/15)

Altars:
Vehumet

Annotations:
D:3 aaksess's ghost, amateur OgSk


Message History

You hit aaksess's ghost.
Aaksess's ghost is lightly damaged.
The bat hits you but does no damage. Aaksess's ghost completely misses you.
You slash aaksess's ghost!
Aaksess's ghost is moderately damaged.
The bat completely misses you. Aaksess's ghost misses you.
Aaksess's ghost hits you but does no damage.
You hit aaksess's ghost.
Aaksess's ghost is moderately damaged.
The bat hits you but does no damage. Aaksess's ghost hits you!
* * * LOW HITPOINT WARNING * * *
x2 Aaksess's ghost hits you but does no damage.
You barely miss aaksess's ghost.
Aaksess's ghost is moderately damaged.
The bat misses you. Aaksess's ghost hits you.
* * * LOW HITPOINT WARNING * * *
x2 You hit aaksess's ghost.
Aaksess's ghost is moderately damaged.
The bat closely misses you. Aaksess's ghost hits you!
You die...

## ###...### ...
#....... ..
#.#...##
#.##.#......#
#...........#
####.#..<...###?#
#.#b........
#.#.##.#####.##
#...W@........
#.#.....?......
........######.#
##.###### #


You could see aaksess's ghost and a bat.

Vanquished Creatures
  4 gnolls (D:2)
  2 adders (D:2)
  2 worms (D:2)
  5 dart slugs
  7 bats
  5 giant cockroaches
  6 goblins
  2 hobgoblins (D:1)
  15 jackals
  A frilled lizard (D:1)
  4 kobolds (D:1)
  6 rats
59 creatures vanquished.

Notes
Turn   | Place    | Note
-------+----------+-------------------------------------------
     0 | D:1      | tkdonut the Hill Orc Berserker began the quest for the Orb.
     0 | D:1      | Reached XP level 1. HP: 19/19 MP: 1/1
   139 | D:1      | Reached XP level 2. HP: 27/27 MP: 2/2
   487 | D:1      | Reached XP level 3. HP: 33/33 MP: 3/3
   571 | D:1      | Reached ** piety under Trog
  1299 | D:2      | Reached XP level 4. HP: 40/40 MP: 4/4
  1606 | D:2      | Found a radiant altar of Vehumet.
  1725 | D:2      | Reached skill level 5 in Axes
  2085 | D:2      | Reached XP level 5. HP: 43/47 MP: 5/5
  2632 | D:3      | Noticed aaksess's ghost (amateur OgSk)
  2640 | D:3      | Mangled by aaksess's ghost

Skill      XL: |  1  2  3  4 |
---------------+-------------+-----
Fighting       | 4 |  4.7
Dodging        | 2 |  2.4
Armour         | 3 |  3.3
Axes           | 5 |  5.1

Action                   |  1- 3 |  4- 6 || total
-------------------------+-------+-------++-------
Melee: Hand axe          |    95 |    86 ||   181
Invok: Berserk           |     5 |     1 ||     6
  Eat: Chunk             |     5 |     5 ||    10
Armor: Animal skin       |    13 |       ||    13
       Scale mail        |    40 |    32 ||    72
Dodge: Dodged            |    85 |    43 ||   128
